 Dungeon Crawl Stone Soup version 0.24-a0-580-g6a6c3f83c1 (webtiles) character file.

Game seed: 8768614435002693860

6372 Mame the Severer (level 10, -5/90 HPs)
             Began as a Hill Orc Fighter on Aug 21, 2019.
             Was a High Priest of Okawaru.
             Slain by a nine-headed hydra (11 damage)
             ... on level 8 of the Dungeon.
             The game lasted 00:47:06 (7035 turns).

Mame the Severer (Hill Orc Fighter)                 Turns: 7035, Time: 00:47:06

Health: -5/90      AC: 16    Str: 28    XL:     10   Next: 97%
Magic:  10/10      EV:  6    Int:  8    God:    Okawaru [*****.]
Gold:   328        SH: 10    Dex: 10    Spells: 9/9 levels left

rFire    . . .     SeeInvis .   n - +2 hand axe (vamp)
rCold    . . .     Gourm    .   c - +0 shield
rNeg     . . .     Faith    .   k - +0 chain mail
rPois    +         Spirit   .   (helmet restricted)
rElec    .         Reflect  .   u - +2 cloak {rPois}
rCorr    +         Harm     .   (no gloves)
MR       .....     Clarity  +   r - +0 pair of boots
Stlth    ..........             E - amulet of rage
HPRegen  0.25/turn              d - ring of resist corrosion
MPRegen  0.12/turn              p - +3 ring of strength

@: no status effects
A: horns 1, clarity, strong 1
a: Heroism, Finesse, Renounce Religion, Evoke Berserk Rage


You were on level 8 of the Dungeon.
You worshipped Okawaru.
Okawaru was extremely pleased with you.
You were not hungry.

You visited 1 branch of the dungeon, and saw 9 of its levels.

You collected 516 gold pieces.
You spent 188 gold pieces at shops.

Inventory:

Hand Weapons
 a - a +0 war axe
 n - a +2 vampiric hand axe (weapon)
 t - a +2 quarterstaff of chaos
 A - the cursed +0 dagger of Nirphide {pierce, Str+2, unknown}
   (You found it on level 5 of the Dungeon)

   It inflicts extra damage upon your enemies.
   It affects your strength (+2).
   It has a curse placed upon it.
 B - the +0 war axe of Turmoil {freeze, Dex+4}
   (You found it on level 5 of the Dungeon)

   It has been specially enchanted to freeze those struck by it, causing extra
   injury to most foes and up to half again as much damage against particularly
   susceptible opponents.
   It can also slow down cold-blooded creatures.
   It affects your dexterity (+4).
 K - a cursed -3 long sword
Missiles
 w - 9 silver javelins (quivered)
 F - 7 atropa-tipped darts
Armour
 b - a +0 scale mail
 c - a +0 shield (worn)
 k - a +0 chain mail (worn)
 o - a scarf of spirit shield
 r - a +0 pair of boots (worn)
 u - a +2 cloak of poison resistance (worn)
Jewellery
 d - a ring of resist corrosion (left hand)
 p - a +3 ring of strength (right hand)
 E - an amulet of rage (around neck)
 G - an uncursed ring of poison resistance
Wands
 l - a wand of polymorph (9)
 C - a wand of iceblast (10)
Scrolls
 g - a scroll of acquirement {unknown}
 h - a scroll of fog
 j - 2 scrolls of magic mapping {unknown}
 s - a scroll of teleportation {unknown}
 v - a scroll of blinking {unknown}
 x - 2 scrolls of enchant armour {unknown}
 y - 2 scrolls of remove curse
 I - a scroll of identify
 J - 2 scrolls of fear {unknown}
 L - a scroll of vulnerability {unknown}
Potions
 e - 2 potions of haste
 i - 3 potions of mutation
 m - 2 potions of brilliance {unknown}
 q - 2 potions of heal wounds
 z - a potion of cancellation {unknown}
 D - 2 potions of agility {unknown}
 H - a potion of berserk rage {unknown}
Comestibles
 f - 17 rations
 M - a chunk of flesh


   Skills:
 + Level 8.8 Fighting
 + Level 15.1 Axes
 * Level 3.3 Throwing
 + Level 8.9 Armour
 - Level 3.3 Shields
 + Level 0.2 Invocations


You had 9 spell levels left.
You didn't know any spells.
Your spell library contained the following spells:

 Spells                   Type           Power        Failure   Level  Hunger
 Animate Skeleton         Necr           N/A          100%        1    ##.....
 Apportation              Tloc           #.....       100%        1    ##.....
 Confusing Touch          Hex            #.....       100%        1    ##.....
 Corona                   Hex            #......      100%        1    ##.....
 Summon Small Mammal      Summ           #...         100%        1    ##.....
 Ensorcelled Hibernation  Hex/Ice        #.....       100%        2    ###....
 Confuse                  Hex            #.......     100%        3    ####...
 Dazzling Spray           Conj/Hex       #.....       100%        3    ####...
 Tukima's Dance           Hex            #.......     100%        3    ####...


Dungeon Overview and Level Annotations

Branches:
Dungeon (9/15)             Temple (0/1) D:4
   Lair: D:8-11         Orc: D:9-12

Altars:
Ashenzari
Cheibriados
Dithmenos
Elyvilon
Makhleb
Okawaru
Ru
Uskayaw
Vehumet
Wu Jian
Xom
Yredelemnul
Zin

Shops:
D:4 =   D:6 (


Innate Abilities, Weirdness & Mutations

You have a pair of small horns on your head.
You possess an exceptional clarity of mind.
Your muscles are strong. (Str +2)


Message History

The nine-headed hydra closely misses you.
The nine-headed hydra bites you but does no damage.
The nine-headed hydra bites you.
* * * LOW HITPOINT WARNING * * *
The nine-headed hydra closely misses you.
You feel much better. The nine-headed hydra bites you!
You block the nine-headed hydra's attack.
The nine-headed hydra bites you but does no damage.
The nine-headed hydra bites you. The nine-headed hydra bites you!
* * * LOW HITPOINT WARNING * * *
The nine-headed hydra bites you!
* * * LOW HITPOINT WARNING * * *
The nine-headed hydra bites you!
* * * LOW HITPOINT WARNING * * *
The nine-headed hydra barely misses you.
The nine-headed hydra bites you but does no damage.
As you read the scroll labeled FETSEH IVOKIH, it crumbles to dust.
The scroll dissolves into smoke.
It was a scroll of fog.
The nine-headed hydra bites you!
You die...

#.# #.................
#.# #.#####.##########
#.# #.# #..........#
#.# #.#####.########.#
#.# #.................
#.# #..####.#####.....
#.# #§§#........'.....
#.# #§§#.##.#####....#
#.# #@D§..............
#.# ##§#.##.########.#
#.# #.§§.##.# #.......
#.# #....##.# ######.#
##.###....##.########.#
#...................#.#
#..###....##.#.#.##.#.#
#..##.....##.#...##.#..
#..##.....##.#.#.##....


You could see a nine-headed hydra.

Vanquished Creatures
  A troll (D:9)
  2 hippogriffs
  Prince Ribbit (D:6)
  Sigmund (D:2)
  A shadow (D:6)
  A human (D:8)
  A yak (D:8)
  3 hogs (D:8)
  Grum (D:9)
  A hungry ghost (D:3)
  Edmund (D:6)
  A water moccasin (D:5)
  4 orc warriors
  An ice beast (D:7)
  2 sky beasts
  A phantom (D:8)
  3 ogres
  2 necrophages
  2 centaurs
  A crocodile (D:6)
  2 wolves (D:9)
  3 bullfrogs
  A wyvern zombie (D:9)
  2 scorpions
  8 killer bees
  3 wights (D:8)
  4 howler monkeys
  5 crimson imps
  A bullfrog zombie (D:6)
  2 jellies
  2 gnoll shamans (D:7)
  3 hounds
  7 orc priests
  Crazy Yiuf (D:3)
  7 orc wizards
  3 centaur skeletons
  Jessica (D:2)
  2 iguanas (D:7)
  Ijyb (D:4)
  5 worker ants
  A hound skeleton (D:4)
  2 worker ant zombies
  12 adders
  14 gnolls
  2 river rats (D:3)
  2 shadow imps
  2 adder zombies (D:9)
  3 adder skeletons
  A worm (D:3)
  3 dart slugs (D:1)
  6 leopard geckos
  27 orcs
  5 giant cockroaches
  A hobgoblin (D:1)
  7 jackals
  15 kobolds
  A quokka (D:3)
  3 ball pythons
  12 bats
  5 frilled lizards
  7 goblins
  A leopard gecko skeleton (D:4)
  A leopard gecko zombie (D:5)
  A quokka skeleton (D:4)
  7 rats
235 creatures vanquished.

Notes
Turn   | Place    | Note
-------+----------+-------------------------------------------
     0 | D:1      | Mame the Hill Orc Fighter began the quest for the Orb.
     0 | D:1      | Reached XP level 1. HP: 19/19 MP: 1/1
    14 | D:1      | Noticed an ogre
    66 | D:1      | Reached XP level 2. HP: 27/27 MP: 2/2
   110 | D:1      | Reached skill level 3 in Axes
   344 | D:1      | Reached XP level 3. HP: 33/33 MP: 3/3
   464 | D:2      | Noticed Sigmund
   737 | D:2      | Reached skill level 4 in Axes
   800 | D:2      | Noticed Jessica
   817 | D:2      | Killed Jessica
   817 | D:2      | Reached XP level 4. HP: 16/40 MP: 4/4
  1365 | D:2      | Killed Sigmund
  1365 | D:2      | Reached skill level 6 in Axes
  1365 | D:2      | Reached XP level 5. HP: 31/47 MP: 5/5
  1365 | D:2      | Reached XP level 6. HP: 35/53 MP: 6/6
  1576 | D:2      | Found a shimmering altar of Xom.
  1578 | D:2      | Found a shimmering altar of Xom.
  1578 | D:2      | Found a shadowy altar of Dithmenos.
  1580 | D:2      | Found a sacrificial altar of Ru.
  1580 | D:2      | Found a radiant altar of Vehumet.
  1580 | D:2      | Found a white marble altar of Elyvilon.
  1628 | D:3      | Found an iron altar of Okawaru.
  1648 | D:3      | Found a hide-covered altar of Uskayaw.
  1652 | D:3      | Found a shattered altar of Ashenzari.
  1653 | D:3      | Found an ornate altar of the Wu Jian Council.
  1653 | D:3      | Found a glowing silver altar of Zin.
  1655 | D:3      | Noticed a hungry ghost
  1660 | D:3      | Became a worshipper of Warmaster Okawaru
  1682 | D:3      | Killed a hungry ghost
  1682 | D:3      | Reached skill level 7 in Axes
  2012 | D:3      | Found a glowing drain.
  2201 | D:3      | Found a runed translucent door.
  2202 | D:3      | Noticed Crazy Yiuf
  2264 | D:3      | Killed Crazy Yiuf
  2264 | D:3      | Reached skill level 8 in Axes
  2264 | D:3      | Reached XP level 7. HP: 33/60 MP: 6/7
  2482 | D:4      | Noticed Ijyb
  2492 | D:4      | Killed Ijyb
  2571 | D:4      | Reached skill level 5 in Armour
  2624 | D:4      | Reached skill level 5 in Fighting
  2674 | D:4      | Reached * piety under Okawaru
  2674 | D:4      | Reached skill level 9 in Axes
  2819 | D:4      | Found a staircase to the Ecumenical Temple.
  2851 | D:4      | Reached XP level 8. HP: 60/68 MP: 8/8
  2946 | D:4      | Found Pagem's Jewellery Boutique.
  2952 | D:4      | Bought a +3 ring of strength for 188 gold pieces
  3061 | D:5      | Entered Level 5 of the Dungeon
  3118 | D:5      | Reached skill level 10 in Axes
  3144 | D:5      | Reached ** piety under Okawaru
  3541 | D:5      | Got a fine dagger
  3559 | D:5      | Got a pitted war axe
  3560 | D:5      | Identified the cursed +0 war axe of Turmoil {freeze, Dex+4}
                  | (You found it on level 5 of the Dungeon)
  3594 | D:5      | Reached skill level 11 in Axes
  3864 | D:6      | Found Oludd's Antique Weapon Shop.
  3984 | D:6      | Noticed Edmund
  4013 | D:6      | Killed Edmund
  4013 | D:6      | Reached skill level 12 in Axes
  4013 | D:6      | Reached XP level 9. HP: 75/75 MP: 7/9
  4128 | D:6      | Reached *** piety under Okawaru
  4318 | D:6      | Found a basalt altar of Yredelemnul.
  4331 | D:6      | Noticed Prince Ribbit
  4341 | D:6      | Killed Prince Ribbit
  4341 | D:6      | Reached skill level 13 in Axes
  4474 | D:6      | Received a gift from Okawaru
  4710 | D:7      | Reached **** piety under Okawaru
  4718 | D:7      | Reached skill level 14 in Axes
  4988 | D:7      | Reached XP level 10. HP: 86/86 MP: 10/10
  5596 | D:8      | Reached skill level 1 in Throwing
  5733 | D:8      | Reached ***** piety under Okawaru
  6114 | D:8      | Found a snail-covered altar of Cheibriados.
  6114 | D:8      | Found a burning altar of Makhleb.
  6453 | D:9      | Noticed a seven-headed hydra
  6611 | D:8      | Gained mutation: You possess an exceptional clarity of
                  | mind. [potion of mutation]
  6611 | D:8      | Gained mutation: Your muscles are strong. (Str +2) [potion
                  | of mutation]
  6611 | D:8      | Gained mutation: You have a pair of small horns on your
                  | head. [potion of mutation]
  6656 | D:9      | Received a gift from Okawaru
  6858 | D:9      | Noticed Grum
  6866 | D:9      | Reached skill level 15 in Axes
  6887 | D:9      | Killed Grum
  6913 | D:9      | Received a gift from Okawaru
  7032 | D:8      | HP: 2/90 [nine-headed hydra (10)]
  7035 | D:8      | Slain by a nine-headed hydra

Levels and vault maps discovered:
D:1:      evilmike_arrival_come_back, layout_rooms, minmay_quantized
D:2:      layout_rooms, doesnt_xom_only_xom, hangedman_decor_opposing,
          uniq_sigmund, uniq_jessica
D:3:      layout_rooms, grunt_temple_overflow_open, gup_sewer_entry_bowl,
          uniq_crazy_yiuf_cottage
D:4:      layout_basic, minmay_temple_entry_water_ring, serial_shops,
          nicolae_shop_trees, first_ration, uniq_ijyb
D:5:      cheibrodos_helix_gallery, layout_loops_ring
D:6:      layout_loops_ring, basic_altar, serial_shops, shop, minivault_1,
          kb_rosetta, uniq_prince_ribbit1, uniq_edmund
D:7:      layout_basic
D:8:      layout_basic, gammafunk_temple_overflow_elements, grunt_livestock
D:9:      layout_basic, uniq_grum

Skill      XL: |  1  2  3  4  5  6  7  8  9 10 |
---------------+-------------------------------+-----
Axes           | 3 4 6 8 9 12 14 15 | 15.1
Fighting       | 4 5 6 7 8 |  8.8
Armour         | 4 5 7 8 |  8.9
Throwing       | 3 |  3.3
Shields        | |  3.3
Invocations    | |  0.2

Action                   |  1- 3 |  4- 6 |  7- 9 | 10-12 || total
-------------------------+-------+-------+-------+-------++-------
Melee: War axe           |   120 |    99 |    61 |       ||   280
       Hand axe          |       |    45 |   377 |   255 ||   677
       Headbutt          |       |       |       |    22 ||    22
Throw: Dart              |       |       |     7 |     3 ||    10
       Javelin           |       |       |       |     2 ||     2
Invok: Heroism           |       |       |     2 |       ||     2
Evoke: Wand              |       |       |       |     2 ||     2
  Use: Potion            |     1 |       |     1 |     4 ||     6
       Scroll            |       |     3 |     4 |     6 ||    13
 Stab: Invisible         |       |       |     2 |       ||     2
  Eat: Ration            |       |     4 |     1 |     2 ||     7
       Chunk             |       |     2 |     6 |       ||     8
Armor: Scale mail        |    71 |     2 |       |       ||    73
       Chain mail        |       |    90 |   190 |   129 ||   409
Dodge: Dodged            |    50 |    22 |    85 |    59 ||   216
Block: Shield            |    79 |    69 |   195 |   117 ||   460

Table legend:
 A = Non-vault XP
 B = Vault XP
 C = Vault XP percentage of total XP
 D = Non-vault monster count
 E = Vault monster count
 F = Vault count percentage of total count
                 A         B        C        D         E       F
            +---------+---------+-------+---------+---------+-------
      Total |    6457 |    2646 |  29.1 |     206 |      29 |  12.3
            +---------+---------+-------+---------+---------+-------
        D:1 |      45 |       9 |  16.7 |      25 |       6 |  19.4
        D:2 |      47 |     264 |  84.9 |      14 |       2 |  12.5
        D:3 |     218 |      67 |  23.5 |      22 |       4 |  15.4
        D:4 |     562 |      36 |   6.0 |      33 |       1 |   2.9
        D:5 |     495 |      59 |  10.6 |      19 |       2 |   9.5
        D:6 |     878 |     813 |  48.1 |      20 |       6 |  23.1
        D:7 |    1230 |       0 |   0.0 |      21 |       0 |   0.0
        D:8 |    1247 |     980 |  44.0 |      21 |       5 |  19.2
        D:9 |    1735 |     418 |  19.4 |      31 |       3 |   8.8
            +---------+---------+-------+---------+---------+-------
